 Dungeon Crawl Stone Soup version 0.25-a0-589-g1e14c549ee (webtiles) character file.

Game seed: 11812418799475194091, levelgen mode: deterministic

16874 HailSeitan the Peltast (level 12, -9/104 HPs)
             Began as a Barachi Fighter on Mar 9, 2020.
             Was a Believer of Ru.
             Mangled by an ettin
             ... wielding a +0 dire flail
              (48 damage)
             ... on level 9 of the Dungeon.
             The game lasted 00:43:18 (15240 turns).

HailSeitan the Peltast (Barachi Fighter)           Turns: 15240, Time: 00:43:19

Health: -9/104     AC: 10    Str: 21    XL:     12   Next: 42%
Magic:  12/12      EV: 11    Int: 23    God:    Ru [**....]
Gold:   2270       SH: 14    Dex: 12    Spells: 11/11 levels left

rFire    . . .     SeeInvis .   G - +6 scimitar
rCold    . . .     Gourm    .   c - +0 kite shield
rNeg     . . .     Faith    .   B - +1 scale mail "Ciest" {Int+6}
rPois    .         Spirit   .   (helmet restricted)
rElec    .         Reflect  .   (no cloak)
rCorr    .         Harm     .   o - +0 pair of gloves
MR       .....                  (no boots)
Stlth    ..........             u - amulet of the acrobat
HPRegen  0.00/turn              t - +2 ring of evasion
MPRegen  0.13/turn              y - +5 ring of intelligence

@: no potions, slow
A: +LOS, swims, antennae 1, clever 1, robust 1, slowness 1, inhibited
regeneration, inability to drink while threatened, disrupted magic 1, strong
legs 1
a: Hop, Renounce Religion


You were on level 9 of the Dungeon.
You worshipped Ru.
Ru was pleased with you.
You were hungry.

You visited 3 branches of the dungeon, and saw 13 of its levels.
You also visited: Sewer.

You collected 2513 gold pieces.
You spent 243 gold pieces at shops.

Inventory:

Hand Weapons
 h - a +2 dagger of venom
 r - a +2 falchion of venom
 A - a +5 long sword
 G - a +6 scimitar (weapon)
Missiles
 b - 21 poisoned darts
 l - 3 datura-tipped darts (quivered)
 I - 4 javelins
Armour
 c - a +0 kite shield (worn)
 o - a +0 pair of gloves (worn)
 v - a +0 scale mail
 B - the +1 scale mail "Ciest" (worn) {Int+6}
   (You bought it in a shop on level 7 of the Dungeon)

   It affects your intelligence (+6).
Jewellery
 k - an uncursed amulet of guardian spirit
 t - a +2 ring of evasion (left hand)
 u - an amulet of the acrobat (around neck)
 y - a +5 ring of intelligence (right hand)
 F - an uncursed amulet of harm
Wands
 s - a wand of random effects (39)
Scrolls
 e - 11 scrolls of remove curse
 g - 2 scrolls of torment
 i - 3 scrolls of amnesia
 j - a scroll of fog
 m - a scroll of fear
 p - a scroll of enchant weapon
 q - 8 scrolls of teleportation
 D - 4 scrolls of identify
Potions
 a - 3 potions of flight
 n - 3 potions of curing
 w - 3 potions of lignification
 x - 2 potions of mutation
 z - a potion of cancellation
 C - a potion of haste
Comestibles
 f - 19 rations


   Skills:
 - Level 9.2 Fighting
 - Level 13.0 Long Blades
 + Level 7.2 Armour
 - Level 15.1 Shields


You had 11 spell levels left.
You didn't know any spells.
Your spell library contained the following spells:

 Spells                   Type           Power        Failure   Level  Hunger
 Animate Skeleton         Necr           N/A          45%         1    ##.....
 Apportation              Tloc           #.....       45%         1    ##.....
 Corona                   Hex            #......      45%         1    ##.....
 Magic Dart               Conj           #...         45%         1    ##.....
 Summon Small Mammal      Summ           #...         45%         1    ##.....
 Call Imp                 Summ           #.......     58%         2    ###....
 Searing Ray              Conj           #.....       58%         2    ###....
 Call Canine Familiar     Summ           #.......     82%         3    ####...
 Dazzling Flash           Conj/Hex       #.....       82%         3    ####...
 Summon Guardian Golem    Hex/Summ       #.......     82%         3    ####...
 Fulminant Prism          Conj/Hex       #.........   99%         4    #####..
 Iskenderun's Mystic Bla  Conj/Tloc      #.......     99%         4    #####..
 Summon Ice Beast         Ice/Summ       #.......     99%         4    #####..
 Summon Lightning Spire   Summ/Air       #.......     99%         4    #####..


Dungeon Overview and Level Annotations

Branches:
Dungeon (11/15)            Temple (1/1) D:5            Lair (0/6) D:10
    Orc (1/2) D:9           Sewer (visited)

Altars:
Ashenzari
Cheibriados
Dithmenos
Elyvilon
Fedhas
Gozag
Hepliaklqana
Kikubaaqudgha
Makhleb
Nemelex Xobeh
Okawaru
Qazlal
Ru
Sif Muna
Uskayaw
Vehumet
Wu Jian
Xom
Yredelemnul
Zin
The Shining One

Shops:
D:4 (   D:7 [   D:8 ?


Innate Abilities, Weirdness & Mutations

You can be seen from farther away. (+LOS)
You can swim through water.
You cover ground slowly.
You do not regenerate when monsters are visible.
You cannot drink potions while threatened.
Your casting is slightly disrupted.
You can hop short distances.
You have a pair of small antennae on your head.
Your mind is acute. (Int +2)
You are robust. (+10% HP)


Message History

You hit the orc sorcerer.
The orc sorcerer is lightly wounded.
The orc sorcerer hits you but does no damage.
You slash the orc sorcerer!
The orc sorcerer is heavily wounded.
You are ready to hop once more.
You block the orc sorcerer's attack.
You hit the orc sorcerer but do no damage.
The orc sorcerer is heavily wounded.
You slice the orc sorcerer!!
You kill the orc sorcerer!
Your Armour skill increases to level 7!
Evoke which item? (* to show all) (? for menu, Esc to quit)
Aiming: Paralyse
Press: ? - help, Shift-Dir - straight line, f - ettin
Aim: an ettin, wielding two +0 dire flails (chance to defeat MR: 28%)
The ettin easily resists.
The now-empty wand crumbles to dust.
The ettin hits you with a +0 dire flail!!!
You feel threatened and lose the ability to drink potions!
You die...

.....#
#.#
.....#
##.#
.....#
#..#
.....#
#.##
.>...#
#.#
.....#
#.#
.....#
#.#
.....#
###.#
######
#[C@#
##
#.###
.###
#.#
...##
#.#
##..#
#[#
###'##
#.#
.....#
#.#
.....#
##.#
.....#
#..#


You could see an ettin.

Vanquished Creatures
  3 two-headed ogres
  Urug (D:11)
  Sonja (Orc:1)
  An unseen horror (D:11)
  An ugly thing (D:8)
  2 orc sorcerers
  A cyclops (D:11)
  A merfolk (D:9)
  6 trolls
  A hornet (D:11)
  Grinder (D:6)
  3 wyverns
  7 yaks (D:11)
  2 hungry ghosts
  Menkaure (D:6)
  3 wargs (D:10)
  A swamp drake (D:9)
  2 black bears
  7 orc warriors
  5 sky beasts
  An ice beast (D:11)
  2 phantoms
  9 ogres
  8 centaurs
  7 big kobolds
  9 bullfrogs
  6 scorpions
  A wyvern skeleton (D:9)
  4 killer bees (D:8)
  14 wights
  A howler monkey (D:10)
  2 crimson imps
  A lava snake (D:8)
  A bullfrog zombie (D:5)
  2 quasits
  2 centaur zombies
  4 hounds
  A jelly (D:8)
  2 gnoll shamans (D:8)
  11 orc priests
  A bullfrog skeleton (D:7)
  14 orc wizards
  Jessica (D:2)
  12 worker ants
  Natasha (thrice) (D:4)
  A hound zombie (D:7)
  A worker ant zombie (D:9)
  18 gnolls
  2 howler monkey skeletons
  16 adders
  4 river rats
  2 shadow imps
  2 oozes (Sewer)
  An adder zombie (D:9)
  5 worms
  A dart slug (D:1)
  7 leopard geckos
  60 orcs
  8 giant cockroaches
  8 goblins
  6 hobgoblins
  8 jackals
  21 kobolds
  A quokka (D:2)
  7 ball pythons
  A ball python zombie (D:5)
  9 bats
  4 frilled lizards
  A jackal skeleton (D:4)
  A leopard gecko skeleton (D:9)
  A quokka skeleton (D:5)
  14 rats
379 creatures vanquished.

Vanquished Creatures (others)
  Prince Ribbit (D:6)
  An ogre (D:7)
  An orc (D:9)
  A quokka (D:7)
4 creatures vanquished.

Grand Total: 383 creatures vanquished

Notes
Turn   | Place    | Note
-------+----------+-------------------------------------------
     0 | D:1      | HailSeitan the Barachi Fighter began the quest for the Orb.
     0 | D:1      | Reached XP level 1. HP: 18/18 MP: 1/1
    27 | D:1      | Reached XP level 2. HP: 18/24 MP: 2/2
   638 | D:1      | Reached XP level 3. HP: 26/29 MP: 3/3
  1278 | D:2      | Reached skill level 5 in Long Blades
  1285 | D:2      | Reached XP level 4. HP: 18/36 MP: 4/4
  1490 | D:2      | Noticed Jessica
  1508 | D:2      | Killed Jessica
  1747 | D:3      | Reached XP level 5. HP: 40/41 MP: 5/5
  1889 | D:4      | Found a blossoming altar of Fedhas.
  1906 | D:4      | Found Geumenee's Weapon Shoppe.
  1973 | D:4      | Noticed an ogre
  1982 | D:4      | Killed an ogre
  1982 | D:4      | Reached skill level 5 in Fighting
  1997 | D:4      | Reached XP level 6. HP: 14/51 MP: 2/6
  2155 | D:4      | Found a glowing drain.
  2267 | Sewer    | Entered a sewer
  2430 | Sewer    | Reached XP level 7. HP: 56/60 MP: 7/7
  2845 | Sewer    | Reached skill level 5 in Armour
  3024 | D:4      | Noticed Natasha
  3037 | D:4      | Killed Natasha
  3040 | D:4      | Reached XP level 8. HP: 68/68 MP: 8/8
  3237 | D:4      | Noticed Natasha
  3240 | D:4      | Killed Natasha
  3310 | D:4      | Noticed Natasha
  3321 | D:4      | Killed Natasha
  3612 | D:5      | Entered Level 5 of the Dungeon
  3657 | D:5      | Found a staircase to the Ecumenical Temple.
  3659 | D:5      | Found a faded altar of an unknown god.
  3669 | Temple   | Entered the Ecumenical Temple
  3930 | D:5      | Found a sacrificial altar of Ru.
  3939 | D:5      | Became a worshipper of Ru the Awakened
  4121 | D:5      | Reached skill level 4 in Shields
  4612 | D:5      | Reached skill level 5 in Shields
  4836 | D:5      | Reached skill level 6 in Shields
  4894 | D:6      | Noticed Menkaure
  4905 | D:5      | Reached XP level 9. HP: 38/76 MP: 9/9
  5252 | D:6      | Killed Menkaure
  5252 | D:6      | Reached skill level 7 in Shields
  5778 | D:6      | Gained mutation: You are robust. (+10% HP) [potion of
                  | mutation]
  5778 | D:6      | Gained mutation: Your mind is acute. (Int +2) [potion of
                  | mutation]
  5778 | D:6      | Gained mutation: You have a pair of small antennae on your
                  | head. [potion of mutation]
  6048 | D:6      | Reached skill level 8 in Shields
  6055 | D:6      | Found a radiant altar of Vehumet.
  6071 | D:6      | Found an ornate altar of the Wu Jian Council.
  6102 | D:6      | Noticed Prince Ribbit
  6132 | D:6      | Noticed Grinder
  6144 | D:6      | Paralysed by Grinder for 6 turns
  6159 | D:6      | Paralysed by Grinder for 6 turns
  6183 | D:6      | Killed Grinder
  6494 | D:6      | Gained mutation: You cannot drink potions while threatened.
                  | [Ru sacrifice]
  6494 | D:6      | Reached * piety under Ru
  6559 | D:6      | Found a hazy altar of Hepliaklqana.
  6811 | D:6      | Killed Prince Ribbit
  6895 | D:6      | Found a sparkling altar of Nemelex Xobeh.
  6896 | D:6      | Found a hide-covered altar of Uskayaw.
  7181 | D:7      | Found Plog's Antique Armour Boutique.
  7419 | D:7      | Reached skill level 10 in Long Blades
  7445 | D:7      | Found a basalt altar of Yredelemnul.
  7540 | D:7      | Reached XP level 10. HP: 82/91 MP: 10/10
  7745 | D:8      | Noticed a cyan ugly thing
  7768 | D:8      | Killed a cyan ugly thing
  7768 | D:8      | Reached skill level 9 in Shields
  8229 | D:8      | Found an ornate altar of the Wu Jian Council.
  8284 | D:8      | Reached skill level 10 in Shields
  9224 | D:8      | Found Lafoquwk's Magic Scroll Shop.
  9300 | D:7      | Bought a brightly glowing scale mail for 243 gold pieces
  9311 | D:7      | Identified the +1 scale mail "Ciest" {Int+6} (You bought it
                  | in a shop on level 7 of the Dungeon)
  9491 | D:8      | Gained mutation: Your casting is slightly disrupted. [Ru
                  | sacrifice]
  9491 | D:8      | Reached ** piety under Ru
 10352 | D:9      | Found a staircase to the Orcish Mines.
 10389 | D:9      | Reached XP level 11. HP: 57/97 MP: 11/11
 10576 | D:9      | Found a shimmering altar of Xom.
 10722 | D:9      | Found a glowing silver altar of Zin.
 10722 | D:9      | Found a white marble altar of Elyvilon.
 10893 | D:9      | Noticed a two-headed ogre
 10919 | D:9      | Killed a two-headed ogre
 11048 | D:10     | Entered Level 10 of the Dungeon
 11048 | D:10     | Found a sparkling altar of Nemelex Xobeh.
 11057 | D:10     | Reached skill level 11 in Shields
 11172 | D:10     | Found a staircase to the Lair.
 11763 | D:11     | Reached skill level 12 in Shields
 12001 | D:11     | Gained mutation: You do not regenerate when monsters are
                  | visible. [Ru sacrifice]
 12365 | D:11     | Noticed a two-headed ogre
 12399 | D:11     | Killed a two-headed ogre
 12422 | D:11     | Reached skill level 13 in Shields
 12965 | D:11     | Killed an unseen horror
 13049 | D:11     | Noticed a two-headed ogre
 13066 | D:11     | Killed a two-headed ogre
 13066 | D:11     | Reached skill level 14 in Shields
 13066 | D:11     | Reached XP level 12. HP: 40/104 MP: 12/12
 13547 | D:11     | Noticed Urug
 13621 | D:11     | Killed Urug
 13631 | D:11     | Identified a scroll of acquirement
 14046 | Orc:1    | Entered Level 1 of the Orcish Mines
 14626 | Orc:1    | Noticed Sonja
 14633 | Orc:1    | Killed Sonja
 14633 | Orc:1    | Reached skill level 15 in Shields
 14850 | Orc:1    | Noticed an ettin
 15240 | D:9      | Mangled by an ettin

Levels and vault maps discovered:
D:1:      minmay_arrival_four_houses, layout_basic, minivault_14,
          feat_on_display
D:2:      layout_rooms, first_ration, kennysheep_jessica_study
D:3:      layout_basic, lemuel_doored_altar, dk_yredelemnul_ordeal
D:4:      layout_gridville, lemuel_round_altar, portal_sewer_entry_b,
          serial_shops, nicolae_shop_waterfront, uniq_natasha
D:5:      kennysheep_six_static_rooms, layout_loops_ring,
          nicolae_ru_great_annihilating_truth, nicolae_temple_entry_ecumenical
D:6:      layout_basic, fiery_altar_vehumet, marbit_many_paths,
          gammafunk_temple_overflow_pools, overflow_temple_1_default,
          uniq_grinder, uniq_menkaure, uniq_prince_ribbit1
D:7:      layout_rooms, overflow_temple_1_default, serial_shops, shop
D:8:      layout_gridville, basic_altar, serial_shops, nicolae_shop_trees,
          serial_rivers, chequers_serial_rivers_micro_e,
          chequers_serial_rivers_small_3, chequers_serial_rivers_small_b,
          chequers_serial_rivers_small_a, chequers_serial_rivers_room_b,
          nicolae_lava_and_water
D:9:      layout_roguey, kennysheep_little_box,
          gammafunk_temple_overflow_elements, erik_orc_1, hangedman_fish_farm
D:10:     layout_irregular_city, erik_lair_orcish_takeover, basic_altar,
          serial_column_ruins, column_ruins_columns_dead_end,
          column_ruins_open_small, column_ruins_open_tiny,
          column_ruins_open_tiny, column_ruins_grid_1,
          column_ruins_columns_dead_end
D:11:     layout_basic, uniq_urug
Temple:   compressed_dpeg_circular_temple
Orc:1:    layout_diamond_mine, uniq_josephine, uniq_sonja

Skill      XL: |  1  2  3  4  5  6  7  8  9 10 11 12 |
---------------+-------------------------------------+-----
Long Blades    | 3 4 5 6 10 12 13 | 13.0
Fighting       | 5 7 8 9 |  9.2
Armour         | 6 7 |  7.2
Shields        | 6 8 10 14 15 | 15.1

Action                   |  1- 3 |  4- 6 |  7- 9 | 10-12 || total
-------------------------+-------+-------+-------+-------++-------
Melee: Long sword        |   135 |   163 |   499 |   480 ||  1277
       Dagger            |       |       |   135 |   126 ||   261
       Falchion          |       |       |    12 |   139 ||   151
       Scimitar          |       |       |       |   107 ||   107
Throw: Dart              |       |       |       |     3 ||     3
       Throwing net      |       |       |       |     1 ||     1
Invok: Sacrifice Drink   |       |       |     1 |       ||     1
       Sacrifice Essence |       |       |       |     1 ||     1
       Sacrifice Purity  |       |       |       |     1 ||     1
 Abil: Hop               |       |     3 |     1 |     9 ||    13
Evoke: Wand              |       |       |     2 |     7 ||     9
  Use: Potion            |       |     2 |     8 |     3 ||    13
       Scroll            |       |     1 |     7 |     9 ||    17
 Stab: Invisible         |       |       |     2 |     3 ||     5
       Paralysed         |       |       |     2 |     4 ||     6
       Held in net/web   |       |       |       |     2 ||     2
       Distracted        |       |       |       |     3 ||     3
  Eat: Chunk             |     2 |     4 |    19 |    31 ||    56
       Ration            |       |       |       |     1 ||     1
Armor: Scale mail        |    89 |    72 |   176 |   171 ||   508
Dodge: Dodged            |    53 |    36 |   163 |   245 ||   497
Block: Kite shield       |    75 |    90 |   293 |   424 ||   882
       Rpst.: Long sword |    12 |    11 |    43 |    32 ||    98
       Falchion          |       |       |     1 |    13 ||    14
       Scimitar          |       |       |       |     5 ||     5

Table legend:
 A = Non-vault XP
 B = Vault XP
 C = Vault XP percentage of total XP
 D = Non-vault monster count
 E = Vault monster count
 F = Vault count percentage of total count
                 A         B        C        D         E       F
            +---------+---------+-------+---------+---------+-------
      Total |   19351 |    4756 |  19.7 |     306 |      75 |  19.7
            +---------+---------+-------+---------+---------+-------
        D:1 |      43 |       0 |   0.0 |      26 |       0 |   0.0
        D:2 |      76 |      39 |  33.9 |      21 |       2 |   8.7
        D:3 |      40 |      13 |  24.5 |       7 |       1 |  12.5
        D:4 |     533 |      66 |  11.0 |      18 |       7 |  28.0
        D:5 |     713 |     183 |  20.4 |      16 |       6 |  27.3
        D:6 |     489 |     707 |  59.1 |      17 |       4 |  19.0
        D:7 |    1064 |       0 |   0.0 |      33 |       0 |   0.0
        D:8 |    2961 |       0 |   0.0 |      49 |       0 |   0.0
        D:9 |    3071 |     802 |  20.7 |      26 |      17 |  39.5
       D:10 |    1646 |     627 |  27.6 |      17 |       8 |  32.0
       D:11 |    7043 |     815 |  10.4 |      43 |       1 |   2.3
      Orc:1 |    1672 |     820 |  32.9 |      33 |       1 |   2.9
      Sewer |       0 |     684 | 100.0 |       0 |      28 | 100.0
            +---------+---------+-------+---------+---------+-------
